 Dungeon Crawl Stone Soup version 0.29.0-4-gdea44cf6ec (webtiles) character file.

Game seed: 15147490478858600767

52 qw the Ruffian (level 3, -4/28 HPs)
             Began as a Ghoul Fire Elementalist on Aug 29, 2022.
             Slain by a gnoll
             ... wielding a +0 spear
              (7 damage)
             ... on level 2 of the Dungeon.
             The game lasted 00:01:39 (2011 turns).

qw the Ruffian (Ghoul Fire Elementalist)            Turns: 2011, Time: 00:01:40

Health: -4/28      AC:  8    Str: 13    XL:     3   Next: 85%
Magic:  4/4        EV:  5    Int: 10    God:
Gold:   84         SH:  0    Dex:  9    Spells: 4/5 levels left

rFire   . . .      SeeInvis .     - Unarmed
rCold   + . .      Faith    .   (no shield)
rNeg    + + +      Spirit   .   j - +0 chain mail
rPois   inf        Reflect  .   (no helmet)
rElec   .          Harm     .   (no cloak)
rCorr   +          Rampage  .   (no gloves)
Will    .....                   (no boots)
Stlth   ..........              (no amulet)
HPRegen 0.00/turn               d - ring of resist corrosion
MPRegen 0.09/turn               (no ring)

@: inhibited regen
A: claws 1, cold resistance 1, negative energy resistance 3, inhibited
regeneration, torment resistance 2, devour on kill
a: no special abilities


You were on level 2 of the Dungeon.
You visited 1 branch of the dungeon, and saw 2 of its levels.

You collected 84 gold pieces.


Innate Abilities, Weirdness & Mutations

You are immune to poison.
You have sharp fingernails.
Your flesh is cold resistant. (rC+)
You are immune to negative energy. (rN+++)
You do not regenerate when monsters are visible.
You are immune to unholy pain and torment.
You thrive by killing the living.


   Skills:
 - Level 1.1 Fighting
 - Level 1.7 Dodging
 - Level 2.1 Stealth
 + Level 3.3 Unarmed Combat
 - Level 1.7 Spellcasting
 - Level 0.7 Conjurations
 - Level 2.4 Fire Magic


You had 4 spell levels left.
You knew the following spells:

 Your Spells              Type           Power      Damage    Failure   Level
a - Foxfire               Conj/Fire      16%        2x1d4     99%         1

Your spell library contained the following spells:

 Spells                   Type           Power      Damage    Failure   Level
 Scorch                   Fire           10%        2d6       100%        2
 Conjure Flame            Conj/Fire      4%         6-21      100%        3
 Inner Flame              Hex/Fire       3%         N/A       100%        3
 Flame Wave               Conj/Fire      4%         2d5       100%        4

Inventory:

Armour
 j - a +0 chain mail (worn)
Jewellery
 a - a ring of willpower
 d - a ring of resist corrosion (left claw)
Scrolls
 f - a scroll of identify
 g - a scroll of enchant armour {unknown}
 h - a scroll of brand weapon {unknown}
 i - a scroll of amnesia {unknown}
Potions
 b - a potion of brilliance {unknown}
 c - a potion of resistance {unknown}
 e - a potion of might {unknown}

Dungeon Overview and Level Annotations

Branches:
Dungeon (2/15)

Altars:


Message History

The endoplasm quivers.
You claw the endoplasm!
You kill the endoplasm!
i - a scroll labelled NYNARU SIBB You open the door.
There is an open door here.
Things that are here:
a +0 dagger; a goblin skeleton
There is an open door here.
There is an open door here.
You open the door.
There is an open door here.
There is an open door here.
As you open the door, it creaks loudly!
You hear a shout! x2
A gnoll comes into view. It is wielding a +0 spear.
Found 11 gold pieces.
The gnoll shouts!
There is an open door here. 2 gnolls come into view.
The gnoll shouts! x2
You barely miss the gnoll.
The gnoll hits you from afar with a +0 spear.
The gnoll hits you but does no damage.
You scratch the gnoll but do no damage.
The gnoll hits you from afar with a +0 spear.
The gnoll barely misses you. x2
You scratch the gnoll.
The gnoll is lightly wounded.
The gnoll hits you from afar with a +0 spear.
The gnoll hits you with a +0 spear. The gnoll hits you with a +0 flail.
You scratch the gnoll.
The gnoll is moderately wounded.
The gnoll hits you but does no damage. The gnoll hits you with a +0 spear.
The gnoll hits you with a +0 flail.
You claw the gnoll!
The gnoll is severely wounded.
You scratch the gnoll.
You kill the gnoll!
The gnoll hits you from afar with a +0 spear!
You die...

...#.#.##.....###.......#
#..... ...#.#.##.....#
#.......# #.....
##.#.#.##.#'### #.......#
#..... #.#....#.#.#
#.......# ####..
#.######.#.# #.......#
#.. #........#.#
#.......# #..
##########.########+####
### #.##..........
#..'..@.g.....
####..)g......
#.......... #.$........
#.......... #####......
...... ######


You could see 2 gnolls.

Vanquished Creatures
  A gnoll (D:2)
  An adder (D:2)
  A dart slug (D:1)
  3 ball pythons (D:1)
  A bat (D:1)
  7 endoplasms
  A giant cockroach (D:1)
  2 goblins
  4 hobgoblins
  3 jackals (D:1)
  5 kobolds
  2 quokkas
  5 rats
36 creatures vanquished.

Notes
Turn   | Place    | Note
-------+----------+-------------------------------------------
     0 | D:1      | qw the Ghoul Fire Elementalist began the quest for the Orb.
     0 | D:1      | Reached XP level 1. HP: 14/14 MP: 2/2
     0 | D:1      | 0 ||| qw: Version: 0.1-a-90-g952f4b7
     0 | D:1      | 0 ||| qw: Game counter: 3702
     0 | D:1      | 0 ||| qw: Always use a shield: true
     0 | D:1      | 0 ||| qw: God list: Okawaru
     0 | D:1      | 0 ||| qw: Allow faded altars: false
     0 | D:1      | 0 ||| qw: Do Orc after D:15 true
     0 | D:1      | 0 ||| qw: Do second Lair branch before Depths: true
     0 | D:1      | 0 ||| qw: Lair rune preference: random
     0 | D:1      | 0 ||| qw: Plans: Normal
     0 | D:1      | 0 ||| PLANNING D:1-11
    83 | D:1      | 83 ||| Stepping ~*~*~tactically~*~*~ (stealth).
   340 | D:1      | Reached skill level 1 in Unarmed Combat
   388 | D:1      | 388 ||| Stepping ~*~*~tactically~*~*~ (hiding).
   395 | D:1      | Reached XP level 2. HP: 20/22 MP: 3/3
   449 | D:1      | Reached skill level 1 in Fighting
   559 | D:1      | 559 ||| Stepping ~*~*~tactically~*~*~ (stealth).
   599 | D:1      | 599 ||| Stepping ~*~*~tactically~*~*~ (stealth).
   600 | D:1      | 600 ||| Stepping ~*~*~tactically~*~*~ (stealth).
   601 | D:1      | 601 ||| Stepping ~*~*~tactically~*~*~ (stealth).
   604 | D:1      | 604 ||| Stepping ~*~*~tactically~*~*~ (stealth).
   605 | D:1      | 605 ||| Stepping ~*~*~tactically~*~*~ (stealth).
   619 | D:1      | 619 ||| Stepping ~*~*~tactically~*~*~ (stealth).
   628 | D:1      | Reached skill level 2 in Unarmed Combat
   633 | D:1      | 633 ||| Stepping ~*~*~tactically~*~*~ (stealth).
   635 | D:1      | 635 ||| Stepping ~*~*~tactically~*~*~ (stealth).
   802 | D:1      | 802 ||| Stepping ~*~*~tactically~*~*~ (stealth).
   830 | D:1      | 830 ||| Stepping ~*~*~tactically~*~*~ (stealth).
   936 | D:1      | Reached XP level 3. HP: 28/28 MP: 4/4
  1061 | D:1      | 1061 ||| Stepping ~*~*~tactically~*~*~ (stealth).
  1062 | D:1      | 1062 ||| Stepping ~*~*~tactically~*~*~ (stealth).
  1064 | D:1      | 1064 ||| Stepping ~*~*~tactically~*~*~ (stealth).
  1066 | D:1      | 1066 ||| Stepping ~*~*~tactically~*~*~ (stealth).
  1068 | D:1      | 1068 ||| Stepping ~*~*~tactically~*~*~ (stealth).
  1070 | D:1      | 1070 ||| Stepping ~*~*~tactically~*~*~ (stealth).
  1072 | D:1      | 1072 ||| Stepping ~*~*~tactically~*~*~ (stealth).
  1074 | D:1      | 1074 ||| Stepping ~*~*~tactically~*~*~ (stealth).
  1152 | D:1      | 1152 ||| Stepping ~*~*~tactically~*~*~ (outnumbered).
  1448 | D:1      | 1448 ||| UPGRADING to +0 ring mail.
  1458 | D:1      | 1458 ||| DROPPING +0 robe.
  1459 | D:1      | 1459 ||| UPGRADING to +0 chain mail.
  1469 | D:1      | 1469 ||| DROPPING +0 ring mail.
  1470 | D:1      | 1470 ||| UPGRADING to ring of resist corrosion.
  1471 | D:1      | 1471 ||| READING scroll labelled EKUCALL CEAR.
  1472 | D:1      | 1472 ||| READING scroll labelled NUDIESHOIJ.
  1473 | D:1      | 1473 ||| READING scroll labelled IJYARE LOSS.
  1474 | D:1      | 1474 ||| READING scroll labelled WAYMNAIMAM.
  1475 | D:1      | 1475 ||| DROPPING potion of magic.
  1703 | D:2      | Reached skill level 3 in Unarmed Combat
  1749 | D:2      | 1749 ||| Stepping ~*~*~tactically~*~*~ (stealth).
  2009 | D:2      | HP: 5/28 [gnoll/+0 spear (3)]
  2011 | D:2      | Slain by a gnoll

Levels and vault maps discovered:
D:1:      dpeg_arrival_arbitrary_c, layout_loops_ring, dreamdust_princess_bridge
D:2:      layout_basic, grunt_ministairs_4

Skill      XL: |  1  2  3 |
---------------+----------+-----
Unarmed Combat | 1 2 3 |  3.3
Fighting       | 1 |  1.1
Dodging        | |  1.7
Stealth        | |  2.1
Spellcasting   | |  1.7
Conjurations   | |  0.7
Fire Magic     | |  2.4

Action                   || total
-------------------------++-------
Melee: Unarmed           ||   143
       Punch             ||     1
  Use: Scroll            ||     4
Armor: Robe              ||     8
       Chain mail        ||    13
Dodge: Dodged            ||    68

Table legend:
 A = Non-vault XP
 B = Vault XP
 C = Vault XP percentage of total XP
 D = Non-vault monster count
 E = Vault monster count
 F = Vault count percentage of total count
                 A         B        C        D         E       F
            +---------+---------+-------+---------+---------+-------
      Total |      87 |       3 |   3.3 |      34 |       2 |   5.6
            +---------+---------+-------+---------+---------+-------
        D:1 |      49 |       0 |   0.0 |      27 |       0 |   0.0
        D:2 |      38 |       3 |   7.3 |       7 |       2 |  22.2
            +---------+---------+-------+---------+---------+-------
